 Dungeon Crawl Stone Soup version 0.32-a0-616-g9348d4545b (webtiles) character file.

Game seed: 9680051475824730536

267073 olmar the Executioner (level 20, -45/173 (178) HPs)
             Began as a Coglin Artificer on Mar 5, 2024.
             Was an Initiate of Gozag.
             Killed from afar by an ancient lich (90 damage)
             ... with a crystal spear
             ... on level 3 of the Vaults.
             The game lasted 01:35:59 (46232 turns).

olmar the Executioner (Coglin Artificer)           Turns: 46232, Time: 01:36:00

HP:   -45/173 (178) AC: 33    Str: 14    XL:     20   Next: 52%
MP:   6/6           EV: 11    Int: 17    God:    Gozag
Gold: 3909          SH:  0    Dex: 20    Spells: 19/19 levels left

rFire   + . .        m - +6 war axe of Strategic Superiority {antimagic, rF+ Will+ Str-5}
rCold   + + .        j - +5 war axe (freeze) {Juwon}
rNeg    . . .        d - +6 chain mail of Honour {rC+ Dex+2}
rPois   .            c - +2 helmet "Yrunwoiblu" {rElec Int+4}
rElec   +            q - +1 cloak {rCorr}
rCorr   +            N - +1 pair of gloves {Dex+3}
SInv    .            E - +3 pair of mountain boots {steadfast, rC+}
Will    +++..        (amulet unavailable) Stlth
                     (ring unavailable)
HPRegen 1.28/turn    (ring unavailable)
MPRegen 0.50/turn    T
                       - L-70 thermoencabulator {Will+ Regen+ RegenMP+ Slay+3}

%: no passive effects
@: studying 2 skills, lightly drained, revved
A: off-hand wielding, slow wielding, warmup strikes, no jewellery
}: 1/15 runes: decaying
a: Renounce Religion, Potion Petition, Call Merchant, Bribe Branch


You were on level 3 of the Vaults.
You worshipped Gozag.
Gozag was most pleased with you.
You visited 8 branches of the dungeon, and saw 34 of its levels.
You also visited: Sewer and Gauntlet.

You collected 13456 gold pieces.
You spent 2757 gold pieces at shops.
You paid 6790 gold pieces to Gozag.

Inventory:

Hand Weapons
 j - a +5 war axe of freezing (offhand) {Juwon}
 m - the +6 war axe of Strategic Superiority (weapon) {antimagic, rF+ Will+ Str-5}
   (You found it on level 2 of the Dungeon)

   Str-5:     It affects your strength (-5).
   rF+:       It protects you from fire.
   Will+:     It increases your willpower.
Missiles
 k - 11 javelins (quivered)
 u - 12 poisoned darts
 C - 15 curare-tipped darts
Armour
 c - the +2 helmet "Yrunwoiblu" (worn) {rElec Int+4}
   (You found it in a Gauntlet)

   Int+4:     It affects your intelligence (+4).
   rElec:     It insulates you from electricity.
 d - the +6 chain mail of Honour (worn) {rC+ Dex+2}
   (You found it on level 4 of the Swamp)

   Dex+2:     It affects your dexterity (+2).
   rC+:       It protects you from cold.
 q - a +1 cloak of preservation (worn)
 r - a +2 chain mail of poison resistance
 E - the +3 pair of mountain boots (worn) {steadfast, rC+}
   (You bought it in a shop on level 1 of the Spider Nest)

   Steadfast: It prevents involuntary movement, except for blinking,
   teleportation, or banishment.
   rC+:       It protects you from cold.
 N - a +1 pair of gloves of dexterity (worn)
Magical Staves
 A - a staff of air
Gizmo
 T - a L-70 thermoencabulator (installed) {Will+ Regen+ RegenMP+ Slay+3}
   (You invented it yourself on level 2 of the Lair of Beasts)

   [L-70 thermoencabulator]

   Slay+3:    It affects your accuracy & damage with ranged weapons and melee
   (+3).
   Will+:     It increases your willpower.
   Regen+:    It increases your rate of health regeneration.
   RegenMP+:  It increases your rate of magic regeneration.
Talismans
 G - a storm talisman
Wands
 n - a wand of charming (7)
 M - a wand of roots (7)
 S - a wand of polymorph (2)
 V - a wand of flame (11)
 Z - a wand of digging (5)
Scrolls
 a - 5 scrolls of enchant armour
 f - 5 scrolls of noise
 h - 5 scrolls of brand weapon
 l - 10 scrolls of immolation
 o - 4 scrolls of poison
 s - 2 scrolls of teleportation
 y - 3 scrolls of fear
 z - 8 scrolls of fog
 H - 2 scrolls of blinking
 I - a scroll of amnesia
 J - 6 scrolls of revelation
 L - 3 scrolls of silence
 P - a scroll of summoning
 Q - 14 scrolls of identify
 W - 2 scrolls of enchant weapon
Potions
 b - 3 potions of attraction
 e - 6 potions of brilliance
 g - 8 potions of enlightenment
 i - 3 potions of lignification
 p - a potion of berserk rage
 t - 2 potions of cancellation
 v - a potion of might
 w - 4 potions of magic
 x - 2 potions of heal wounds
 B - 14 potions of curing
 D - 3 potions of resistance
 F - a potion of invisibility
 K - 2 potions of ambrosia
 O - 6 potions of mutation
 Y - 2 potions of haste
Miscellaneous
 U - a phantom mirror (inert)
 X - a lightning rod (4/4)


   Skills:
 + Level 20.6 Fighting
 - Level 1.0 Short Blades
 + Level 22.8 Axes
 - Level 0.6(13.9) Maces & Flails
 + Level 15.4 Armour
 + Level 7.4 Dodging
 - Level 0.7 Stealth
 + Level 10.3 Evocations


You had 19 spell levels left.
You didn't know any spells.
Your spell library contained the following spells:

 Spells                   Type           Power      Damage    Failure   Level
 Freeze                   Ice            0%         1d3       86%         1
 Kiss of Death            Conj/Necr      0%         2d5       86%         1
 Necrotise                Necr           0%         1d4       86%         1
 Sandblast                Erth           0%         2d4       86%         1
 Sting                    Conj/Alch      0%         1d3       86%         1
 Summon Small Mammal      Summ           0%         N/A       86%         1
 Blink                    Tloc           0%         N/A       94%         2
 Ensorcelled Hibernation  Hex/Ice        0%         N/A       94%         2
 Jinxbite                 Hex            0%         N/A       94%         2
 Lesser Beckoning         Tloc           0%         N/A       94%         2
 Mercury Vapours          Alch/Air       0%         N/A       94%         2
 Momentum Strike          Conj/Tloc      0%         3d8       94%         2
 Call Canine Familiar     Summ           0%         N/A       99%         3
 Confusing Touch          Hex            0%         N/A       99%         3
 Dazzling Flash           Conj/Hex       0%         N/A       99%         3
 Frozen Ramparts          Ice            0%         1d1       99%         3
 Fugue of the Fallen      Necr           0%         N/A       99%         3
 Gell's Gravitas          Tloc           0%         N/A       99%         3
 Hailstorm                Conj/Ice       0%         3d5       99%         3
 Mephitic Cloud           Conj/Alch/Air  0%         N/A       99%         3
 Ozocubu's Armour         Ice            0%         N/A       99%         3
 Passwall                 Erth           0%         N/A       99%         3
 Stone Arrow              Conj/Erth      0%         3d7       99%         3
 Teleport Other           Tloc           0%         N/A       99%         3
 Tukima's Dance           Hex            0%         N/A       99%         3
 Vampiric Draining        Necr           0%         2d6       99%         3
 Anguish                  Hex/Necr       0%         N/A       100%        4
 Brom's Barrelling Bould  Conj/Erth      0%         2d3       100%        4
 Cause Fear               Hex            0%         N/A       100%        4
 Dispel Undead            Necr           0%         3d6       100%        4
 Leda's Liquefaction      Alch/Erth      0%         N/A       100%        4
 Manifold Assault         Tloc           0%         N/A       100%        4
 Martyr's Knell           Necr/Summ      0%         N/A       100%        4
 Olgreb's Toxic Radiance  Alch           0%         N/A       100%        4
 Passage of Golubria      Tloc           0%         N/A       100%        4
 Petrify                  Alch/Erth      0%         N/A       100%        4
 Summon Blazeheart Golem  Fire/Summ      0%         N/A       100%        4
 Vhi's Electric Charge    Tloc/Air       0%         N/A       100%        4
 Arcjolt                  Conj/Air       0%         1d10      100%        5
 Curse of Agony           Necr           0%         N/A       100%        5
 Fireball                 Conj/Fire      0%         3d3       100%        5
 Iskenderun's Battlesphe  Conj           0%         2d6       100%        5
 Lee's Rapid Deconstruct  Erth           0%         3d4*      100%        5
 Metabolic Englaciation   Hex/Ice        0%         N/A       100%        5
 Silence                  Hex/Air        0%         N/A       100%        5
 Summon Forest            Summ/Tloc      0%         N/A       100%        5
 Summon Mana Viper        Hex/Summ       0%         N/A       100%        5
 Yara's Violent Unravell  Hex/Alch       0%         3d3       100%        5
 Bombard                  Conj/Erth      0%         9d1       100%        6
 Conjure Ball Lightning   Conj/Air       0%         3x3d6     100%        6
 Dispersal                Tloc           0%         N/A       100%        6
 Plasma Beam              Fire/Air       0%         2x1d10    100%        6
 Sculpt Simulacrum        Ice/Alch       0%         N/A       100%        6
 Summon Cactus Giant      Summ           0%         N/A       100%        6
 Enfeeble                 Hex            0%         N/A       100%        7
 Malign Gateway           Summ/Tloc      0%         N/A       100%        7
 Orb of Destruction       Conj           0%         9d5       100%        7
 Ozocubu's Refrigeration  Ice            0%         4d7       100%        7
 Spellforged Servitor     Conj/Summ      0%         N/A       100%        7
 Lehudib's Crystal Spear  Conj/Erth      0%         10d2      100%        8
 Maxwell's Capacitive Co  Air            0%         ∞         100%        8
 Summon Horrible Things   Summ           0%         N/A       100%        8
 Polar Vortex             Ice            0%         N/A       100%        9


Dungeon Overview and Level Annotations

Branches:
Dungeon (13/15)            Temple (1/1) D:5            Lair (5/5) D:11
  Swamp (4/4) Lair:3       Spider (4/4) Lair:2        Slime (0/5) Lair:4
    Orc (2/2) D:11            Elf (2/3) Orc:2        Vaults (3/5) D:13
  Crypt (0/3) Vaults:3      Sewer (visited)         Gauntlet (visited)

Altars:
Ashenzari
Cheibriados
Dithmenos
Elyvilon
Fedhas
Gozag
Hepliaklqana
Kikubaaqudgha
Makhleb
Nemelex Xobeh
Okawaru
Qazlal
Ru
Sif Muna
Trog
Uskayaw
Vehumet
Wu Jian
Xom
Yredelemnul
Zin
The Shining One
Jiyva

Shops:
D:2 (   D:8 =((:   D:13 !(   Orc:1 [*:   Orc:2 ?[[!   Elf:2 !   Spider:1 [
Vaults:1 (   Vaults:2 [

Annotations:
D:11 2 transporters, Orapn's ghost, journeyman OnFE
Lair:4 1 runed translucent door
Swamp:4 exclusion: 3 oklob plants
Vaults:3 Saint Roka


Innate Abilities, Weirdness & Mutations

You can wield a second weapon in your off-hand.
It takes a long time for you to wield or remove held weapons.
Your first few attacks do less damage.
You cannot equip rings or amulets.


Message History

You hit the ancient lich but do no damage.
The ancient lich touches you but does no damage.
You hit the ancient lich but do no damage.
The ancient lich is lightly damaged.
You barely miss the ancient lich with the +6 war axe of Strategic Superiority.
The ancient lich gestures at you while chanting.
The crystal spear hits you!!!
You slice the ancient lich with the +6 war axe of Strategic Superiority!!
The ancient lich's magic leaks into the air.
The ancient lich is moderately damaged.
You hit the ancient lich but do no damage.
The ancient lich points at you and mumbles some strange words.
You resist with almost no effort.
You barely miss the ancient lich with the +6 war axe of Strategic Superiority.
The ancient lich is moderately damaged.
You hit the ancient lich but do no damage.
The ancient lich gestures at you while chanting.
The crystal spear hits you!!!
* * * LOW HITPOINT WARNING * * *
Unknown command.
Unknown command.
Press: ? - help, v - describe, . - travel
Here: an ancient lich (moderately damaged, fast, magic disrupted)
The floor.
Unknown command.
Press: ? - help, v - describe, . - travel
Here: an ancient lich (moderately damaged, fast, magic disrupted)
The floor.
Unknown command.
Unknown command.
Unknown command.
You barely miss the ancient lich with your +5 war axe of freezing.
The ancient lich is moderately damaged.
You hit the ancient lich with the +6 war axe of Strategic Superiority.
The ancient lich's magic leaks into the air.
The ancient lich points at you and mumbles some strange words.
The crystal spear hits you!!!!
Ouch! That really hurt!
You die...
Your body crumbles into a pile of gold.

.# #########
############....#...#[
...........#....#...#
...........#..#+#...###
########...####...#...#+
#...##.....#.....
#...##.$...#.....
#...##.....#.....
#...####.@L#...
####...#..#'#...##
'..#..)'..$(#...#W[.
#..#...#....#...#))|
#..#...#############
#####'##)).#
......)....#
.....))....#
...........#


You could see an ancient lich (fast, magic disrupted) and an eidolon.

Vanquished Creatures
  Margery (Vaults:3)
  Nikola (Swamp:3)
  Arachne (Spider:3)
  A searing wretch (Vaults:3)
  An ancient champion (Vaults:3)
  Gastronok (D:9)
  4 thorn hunters (Swamp:4)
  A tengu reaver (Vaults:2)
  Roxanne (Swamp:2)
  Donald (Elf:1)
  Aizul (Spider:3)
  5 emperor scorpions
  8 vault wardens
  A ghost moth (Spider:3)
  4 deep elf elementalists (Elf:1)
  3 ghouls
  2 broodmothers
  15 ironbound preservers
  A formless jellyfish (Vaults:2)
  A hydra skeleton (Swamp:4)
  4 ironbound thunderhulks
  5 eleionomae
  2 bunyips
  A deep elf annihilator (Elf:1)
  A war gargoyle (Vaults:3)
  5 deep elf death magi (Elf:1)
  A minotaur (Gauntlet)
  11 dire elephants
  An eidolon (Vaults:3)
  2 crystal guardians (Vaults:1)
  A deep elf high priest (Vaults:3)
  An ettin (Vaults:3)
  3 yaktaur captains
  Fannar (D:11)
  5 entropy weavers
  4 great orbs of eyes
  2 shambling mangroves (Swamp:4)
  7 vault guards
  3 peacekeepers
  8 hydras
  A jorogumo (Spider:3)
  A spriggan air mage (Swamp:2)
  2 catoblepae
  3 ghost crabs
  6 ironbound frosthearts
  8 centaur warriors
  2 alligators
  5 dancing weapons (Elf:1)
  3 boulder beetles
  5 two-headed ogres
  17 death yaks
  10 demonic crawlers
  A deep troll shaman (Lair:5)
  A tengu warrior (D:13)
  4 hell knights (Vaults:3)
  A soul eater (Vaults:3)
  5 orc high priests (Orc:2)
  A wretched star (Gauntlet)
  13 deep elf knights
  Nergalle (D:11)
  2 skysharks
  Amaemon (Lair:2)
  A skeletal warrior (D:13)
  4 goliath frogs
  5 pharaoh ants
  3 spriggan druids
  8 orb spiders
  Pikel (D:9)
  6 bog bodies
  A sun moth (Spider:2)
  27 deep trolls
  A flayed ghost (Swamp:4)
  4 arcanists
  7 swamp dragons
  6 deep elf archers
  A necromancer (Vaults:3)
  3 spectral hydras (Swamp:4)
  6 steelbarb worms
  12 ironbound convokers
  10 lindwurms
  8 orc knights
  A thermic dynamo (Elf:1)
  21 deep elf pyromancers
  2 phantasmal warriors
  14 deep elf zephyrmancers
  3 orc sorcerers
  13 wolf spiders
  A moth of wrath (Spider:3)
  3 ugly things
  A worldbinder (Gauntlet)
  3 cyclopes
  4 manticores
  2 will-o-the-wisps
  5 elephants
  3 meliai (Spider:4)
  3 black mambas
  2 kobold blastminers (Orc:2)
  14 vault sentinels
  A gargoyle (D:6)
  An orange demon (Gauntlet)
  12 cane toads
  7 torpor snails
  19 komodo dragons
  11 yaktaurs
  3 freezing wraiths (Swamp:4)
  A rime drake (Lair:5)
  An efreet (D:13)
  A minotaur zombie (Gauntlet)
  2 hydra zombies (Swamp:4)
  5 tyrant leeches
  5 trolls
  14 hornets
  A queen bee (shapeshifter) (Elf:1)
  Grinder (D:4)
  26 tarantellas
  A dream sheep (D:7)
  14 blink frogs
  A raiju (Gauntlet)
  13 slime creatures
  19 culicivoras
  5 shadows
  An air elemental (Elf:1)
  Sigmund (D:3)
  A vampire (D:10)
  19 jumping spiders
  4 spriggans (Swamp:2)
  4 wyverns
  41 yaks
  4 basilisks
  4 fire elementals
  2 hogs (D:7)
  Grum (Lair:1)
  3 steam dragons
  3 wargs (Orc:1)
  38 redbacks
  19 vampire mosquitoes
  An acid dragon (D:13)
  2 hydra simulacra (Swamp:4)
  17 swamp worms
  17 water moccasins
  34 orc warriors
  2 hell hounds (Spider:2)
  4 swamp drakes
  An ice beast (D:7)
  2 laughing skulls (D:13)
  A crocodile (Sewer)
  12 black bears
  2 small abominations (Gauntlet)
  A tengu (D:4)
  14 ogres
  3 boggarts (Gauntlet)
  A swamp dragon skeleton (Swamp:4)
  19 wolves
  4 centaurs
  A phantom (D:7)
  A lemure (D:9)
  5 kobold brigands
  An earth elemental (Elf:1)
  A gnoll sergeant (D:6)
  6 bullfrogs
  3 scorpions
  10 wights
  18 killer bees
  2 electric eels (Lair:3)
  11 howler monkeys
  2 bombardier beetles
  A crimson imp (D:3)
  29 orc priests
  10 hounds
  5 jellies
  7 gnoll boudas
  A sleepcap (D:8)
  An iguana (D:4)
  14 orc wizards
  5 hell rats (Lair:5)
  Robin (D:3)
  17 gnolls
  10 adders
  A river rat (D:4)
  A swamp drake zombie (Swamp:4)
  A white imp (D:7)
  4 dart slugs
  2 ribbon worms
  73 orcs
  4 bats
  5 endoplasms
  5 giant cockroaches
  15 goblins
  9 hobgoblins
  15 jackals
  27 kobolds
  8 quokkas
  6 ball pythons
  4 frilled lizards
  3 rats
1215 creatures vanquished.

Vanquished Creatures (collateral kills)
  Azrael (Spider:2)
  A hydra (Swamp:2)
  A centaur warrior (D:13)
  A spriggan druid (Swamp:2)
  A hog (D:11)
  An acid dragon (D:9)
  A hell hound (Spider:2)
  A centaur (D:9)
  An orc priest (D:3)
  An orc wizard (D:4)
  A gnoll (D:4)
  A goblin (D:4)
12 creatures vanquished.

Vanquished Creatures (others)
  An alligator (Swamp:2)
  A troll (D:6)
  2 bloated husks
  An orc priest (Orc:1)
  An orc (Orc:1)
  A goblin (D:3)
  6 foxfires (Swamp:4)
13 creatures vanquished.

Grand Total: 1240 creatures vanquished

Notes
Turn   | Place    | Note
-------+----------+-------------------------------------------
     0 | D:1      | olmar the Coglin Artificer began the quest for the Orb.
     0 | D:1      | Reached XP level 1. HP: 15/15 MP: 1/1
   176 | D:1      | Reached XP level 2. HP: 14/21 MP: 2/2
   256 | D:1      | Reached skill level 1 in Dodging
   653 | D:1      | Reached skill level 5 in Evocations
   653 | D:1      | Reached XP level 3. HP: 23/26 MP: 3/3
   915 | D:2      | Identified the +6 war axe of Strategic Superiority
                  | {antimagic, rF+ Will+ Str-5}
  1214 | D:2      | Reached XP level 4. HP: 20/32 MP: 1/4
  1277 | D:2      | Found Viniost's Antique Weapon Emporium.
  1461 | D:2      | Reached skill level 1 in Axes
  1681 | D:3      | Noticed Robin
  1687 | D:3      | Reached XP level 5. HP: 29/38 MP: 1/5
  1692 | D:3      | Killed Robin
  1884 | D:3      | Found a radiant altar of Vehumet.
  1884 | D:3      | Found a burning altar of Makhleb.
  1894 | D:3      | Reached skill level 2 in Axes
  2074 | D:3      | Noticed Sigmund
  2079 | D:3      | Killed Sigmund
  2080 | D:3      | Reached skill level 1 in Short Blades
  2080 | D:3      | Reached skill level 3 in Axes
  2080 | D:3      | Reached XP level 6. HP: 35/46 MP: 2/6
  2084 | D:3      | Reached skill level 4 in Axes
  2547 | D:3      | Reached XP level 7. HP: 41/51 MP: 2/7
  2845 | D:4      | Noticed Grinder
  2862 | D:4      | Paralysed by Grinder for 4 turns
  2866 | D:4      | Killed Grinder
  2867 | D:4      | Reached skill level 5 in Axes
  2928 | D:4      | Found an iron altar of Okawaru.
  2989 | D:4      | Reached XP level 8. HP: 16/60 MP: 2/8
  3003 | D:4      | Reached skill level 6 in Axes
  3321 | D:4      | Found a glowing drain.
  3325 | Sewer    | Entered a sewer
  3400 | Sewer    | Reached skill level 7 in Axes
  4678 | D:5      | Entered Level 5 of the Dungeon
  4678 | D:5      | Found a staircase to the Ecumenical Temple.
  4692 | Temple   | Entered the Ecumenical Temple
  4718 | Temple   | Became a worshipper of Ru the Awakened
  4771 | D:5      | Found an ornate altar of the Wu Jian Council.
  5447 | D:6      | Reached XP level 9. HP: 67/67 MP: 3/9
  5455 | D:6      | Reached skill level 5 in Fighting
  5455 | D:6      | Reached skill level 8 in Axes
  5481 | D:6      | Noticed a gargoyle
  5489 | D:6      | Killed a gargoyle
  5642 | D:6      | Reached skill level 9 in Axes
  6205 | D:6      | Found an opulent altar of Gozag.
  6221 | D:6      | Fell from the grace of Ru
  6221 | D:6      | Became a worshipper of Gozag Ym Sagoz the Greedy
  6249 | D:6      | Noticed a troll
  6532 | D:6      | Reached XP level 10. HP: 76/76 MP: 3/10
  6598 | D:6      | Reached skill level 10 in Axes
  7355 | D:6      | Found a sparkling altar of Nemelex Xobeh.
  7614 | D:7      | Found a white marble altar of Elyvilon.
  7674 | D:7      | Noticed a manticore
  7675 | D:7      | Found a runed translucent gate.
  7676 | D:7      | Found a runed translucent gate.
  7676 | D:7      | Noticed a death yak
  7676 | D:7      | Noticed a death yak
  7678 | D:7      | Found a runed translucent gate.
  7678 | D:7      | Noticed a manticore
  7793 | D:7      | Noticed a death yak
  8245 | D:7      | Found a hide-covered altar of Uskayaw.
  8284 | D:7      | Found a stormy altar of Qazlal.
  8877 | D:8      | Noticed an orc sorcerer
  8878 | D:8      | Reached skill level 5 in Armour
  8891 | D:7      | Killed an orc sorcerer
  8892 | D:7      | Reached skill level 11 in Axes
  9159 | D:8      | You fall into a shaft and drop 2 floors!
  9159 | D:10     | Entered Level 10 of the Dungeon
  9228 | D:10     | Identified the +0 pair of boots "Diughy" {rF+ rCorr}
  9229 | D:10     | Noticed a cyclops
  9240 | D:9      | Noticed Gastronok
  9266 | D:9      | Killed Gastronok
  9267 | D:9      | Reached XP level 11. HP: 17/84 MP: 3/11
  9284 | D:9      | Reached skill level 12 in Axes
  9523 | D:8      | Found a glowing golden altar of the Shining One.
  9606 | D:8      | Noticed an arcanist
  9614 | D:8      | Killed an arcanist
  9779 | D:8      | Identified the +5 short sword of Impermanence {pain, Will+
                  | Str+2}
  9852 | D:8      | Found Wipaof's Weapon Emporium.
 10116 | D:8      | Found Keshramp's Book Boutique.
 10146 | D:8      | Found Gisir's Weapon Shop.
 10264 | D:8      | Found Mesonou's Jewellery Shop.
 11097 | D:9      | Noticed Pikel
 11104 | D:9      | Killed Pikel
 11178 | D:9      | Found a basalt altar of Yredelemnul.
 11802 | D:10     | Noticed a two-headed ogre
 11810 | D:10     | Killed a two-headed ogre
 11811 | D:10     | Reached skill level 13 in Axes
 12446 | D:10     | Found an ancient bone altar of Kikubaaqudgha.
 12576 | D:11     | Noticed Orapn's ghost (journeyman OnFE)
 12576 | D:11     | Noticed Sonja
 12576 | D:11     | Found a transporter.
 12580 | D:11     | Noticed a deep elf pyromancer
 12580 | D:11     | Noticed a six-headed hydra
 12582 | D:11     | Sonja changed into Sonja the hog
 12582 | D:11     | Noticed Sonja
 12585 | D:11     | Killed Sonja the hog
 12833 | D:11     | Noticed Fannar
 12840 | D:11     | Killed Fannar
 12841 | D:11     | Reached XP level 12. HP: 78/93 MP: 4/12
 12939 | D:11     | Found a staircase to the Lair.
 13059 | D:11     | Noticed a two-headed ogre
 13066 | D:11     | Killed a two-headed ogre
 13118 | D:11     | Noticed a five-headed hydra
 13440 | D:11     | Found a transporter.
 13498 | D:11     | a nine-headed hydra changed into an alligator
 13498 | D:11     | Noticed an alligator
 13508 | D:11     | Killed an alligator
 13509 | D:11     | Reached skill level 14 in Axes
 13584 | D:11     | Found a staircase to the Orcish Mines.
 13768 | D:11     | Found a glowing silver altar of Zin.
 13768 | D:11     | Noticed an angel
 13890 | D:11     | Noticed Nergalle
 13901 | D:11     | Killed Nergalle
 14004 | Orc:1    | Entered Level 1 of the Orcish Mines
 14062 | Orc:1    | Found Avvoi's Book Emporium.
 14240 | Orc:1    | Found Lihopn's CLEARANCE SALE!.
 14365 | Orc:1    | Reached skill level 5 in Dodging
 14708 | D:12     | Noticed a two-headed ogre
 14718 | D:12     | Killed a two-headed ogre
 15405 | D:12     | Noticed a two-headed ogre
 15412 | D:12     | Killed a two-headed ogre
 15413 | D:12     | Reached skill level 15 in Axes
 15801 | D:13     | Noticed a six-headed hydra
 15804 | D:13     | a six-headed hydra changed into a great orb of eyes
 15804 | D:13     | Noticed a great orb of eyes
 15813 | D:13     | Killed a great orb of eyes
 15855 | D:13     | Noticed a centaur warrior
 15862 | D:13     | Killed a centaur warrior
 15863 | D:13     | Reached XP level 13. HP: 52/101 MP: 4/13
 16772 | Orc:1    | Bought a +2 chain mail of poison resistance for 222 gold
                  | pieces
 16792 | Orc:2    | Entered Level 2 of the Orcish Mines
 16893 | Orc:2    | Found a staircase to the Elven Halls.
 17426 | Orc:2    | Reached skill level 10 in Fighting
 17920 | Orc:2    | Reached skill level 16 in Axes
 19966 | Orc:2    | Found Fofy's Armour Shoppe.
 19967 | Orc:2    | Found Dugesaef's Magic Scroll Emporium.
 19969 | Orc:2    | Found Qorr's Distillery.
 19970 | Orc:2    | Found Diur's Armour Emporium.
 19975 | Orc:2    | Bought a potion of haste for 130 gold pieces
 19975 | Orc:2    | Bought a potion of degeneration for 13 gold pieces
 19978 | Orc:2    | Bought a scroll of enchant armour for 97 gold pieces
 19978 | Orc:2    | Bought 2 scrolls of poison for 104 gold pieces
 19978 | Orc:2    | Bought a scroll of identify for 26 gold pieces
 19978 | Orc:2    | Bought a scroll of identify for 26 gold pieces
 19978 | Orc:2    | Bought a scroll of teleportation for 39 gold pieces
 19978 | Orc:2    | Bought a scroll of teleportation for 39 gold pieces
 19978 | Orc:2    | Bought a scroll of teleportation for 39 gold pieces
 19978 | Orc:2    | Bought a scroll of identify for 26 gold pieces
 19978 | Orc:2    | Bought a scroll of identify for 26 gold pieces
 20130 | Lair:1   | Entered Level 1 of the Lair of Beasts
 20292 | Lair:1   | Noticed Grum
 20301 | Lair:1   | Killed Grum
 20729 | Lair:1   | Reached XP level 14. HP: 90/113 MP: 4/14
 21096 | Lair:2   | Identified a scroll of acquirement
 21142 | Lair:2   | Reached skill level 17 in Axes
 21181 | Lair:2   | Found a gate leading to a gauntlet.
 21181 | Lair:2   | Noticed Amaemon
 21192 | Lair:2   | Killed Amaemon
 21199 | Gauntlet | Entered a Gauntlet
 21199 | Gauntlet | Found a transporter.
 21376 | Gauntlet | Found a transporter.
 21377 | Gauntlet | Found a transporter.
 21378 | Gauntlet | Found a transporter.
 21386 | Gauntlet | Found a transporter.
 21389 | Gauntlet | Found a transporter.
 21390 | Gauntlet | Found a transporter.
 21402 | Gauntlet | Found a transporter.
 21409 | Gauntlet | Found a transporter.
 21409 | Gauntlet | Found a transporter.
 21411 | Gauntlet | Found a transporter.
 21414 | Gauntlet | Found a transporter.
 21415 | Gauntlet | Found a transporter.
 21423 | Gauntlet | Found a transporter.
 21497 | Gauntlet | Upgraded the game from 0.32-a0-612-g1c984fe9d1 to
                  | 0.32-a0-616-g9348d4545b
 21507 | Gauntlet | Acquired a manual of Maces & Flails
 21568 | Gauntlet | Identified the +2 helmet "Yrunwoiblu" {rElec Int+4}
 21663 | Gauntlet | Identified the ring "Ceyclier" {rC+ SInv}
 21672 | Gauntlet | Reached skill level 10 in Armour
 21688 | Gauntlet | Identified the +0 ring mail of Trumpets {Rampage rF- Str+3}
 21785 | Lair:2   | Acquired a L-70 thermoencabulator {Will+ Regen+ RegenMP+
                  | Slay+3}
 22023 | Lair:2   | Found a hole to the Spider Nest.
 22734 | Lair:3   | Identified the +1 helmet of the Unseen Realm {Int+2}
 22896 | Lair:3   | Found the +5 Storm Queen's Shield {shock, Fly rElec}
 22910 | Lair:3   | Noticed Urug
 22917 | Lair:3   | Urug changed into Urug the jumping spider
 22917 | Lair:3   | Noticed Urug
 22924 | Lair:3   | Killed Urug the jumping spider
 23135 | Lair:3   | Found a staircase to the Swamp.
 23786 | Lair:4   | Found a runed translucent door.
 24546 | Lair:4   | Found a viscous altar of Jiyva.
 24736 | Lair:4   | Identified the +3 falchion "Yret" {flame, rF++ rC+ rN+
                  | Int-5}
 24838 | Lair:4   | Found a staircase to the Slime Pits.
 24838 | Lair:4   | Noticed an acid blob
 24838 | Lair:4   | Noticed an acid blob
 24870 | Lair:5   | Entered Level 5 of the Lair of Beasts
 24879 | Lair:5   | Reached XP level 15. HP: 122/122 MP: 5/15
 25307 | Lair:5   | Reached skill level 18 in Axes
 26418 | Lair:5   | Got the Compendium of Breccia
 26721 | D:13     | Bought a potion of heal wounds for 85 gold pieces
 26721 | D:13     | Bought a potion of haste for 170 gold pieces
 26721 | D:13     | Bought a potion of enlightenment for 85 gold pieces
 26721 | D:13     | Bought a potion of enlightenment for 85 gold pieces
 26721 | D:13     | Bought a potion of enlightenment for 85 gold pieces
 26721 | D:13     | Bought a potion of heal wounds for 85 gold pieces
 26721 | D:13     | Bought a potion of mutation for 136 gold pieces
 27015 | D:13     | Found a gate to the Vaults.
 27315 | Elf:1    | Entered Level 1 of the Elven Halls
 27350 | Elf:1    | Noticed a deep elf elementalist
 27354 | Elf:1    | Killed a deep elf elementalist
 27369 | Elf:1    | Noticed a deep elf elementalist
 27380 | Elf:1    | Killed a deep elf elementalist
 27381 | Elf:1    | Reached XP level 16. HP: 134/134 MP: 5/16
 27837 | Elf:1    | Reached skill level 15 in Fighting
 27859 | Elf:1    | Reached skill level 19 in Axes
 28118 | Elf:1    | Paralysed by an air elemental for 1 turns
 28362 | Elf:1    | Noticed Donald
 28622 | Elf:1    | Killed Donald
 28854 | Elf:2    | Found Vaushroo's Distillery.
 29352 | Swamp:1  | Entered Level 1 of the Swamp
 29883 | Spider:1 | Entered Level 1 of the Spider Nest
 29892 | Spider:1 | Acquired 764 gold pieces
 29896 | Spider:1 | Bought the +3 pair of mountain boots {steadfast, rC+} for
                  | 1239 gold pieces
 29896 | Spider:1 | Found the +3 pair of mountain boots {steadfast, rC+}
 30426 | Spider:1 | Reached XP level 17. HP: 144/144 MP: 5/17
 31444 | Spider:2 | Reached skill level 20 in Axes
 31966 | Spider:2 | Noticed Azrael
 31978 | Spider:2 | Killed Azrael
 32823 | Spider:3 | Identified the serpent talisman "Lephas" {*Corrode rN++
                  | Str+4}
 32823 | Spider:3 | Noticed Aizul
 32839 | Spider:3 | Killed Aizul
 33017 | Spider:3 | Noticed Arachne
 33034 | Spider:3 | Killed Arachne
 33595 | Spider:4 | Entered Level 4 of the Spider Nest
 34558 | Spider:4 | Reached XP level 18. HP: 109/155 MP: 6/18
 35729 | Swamp:2  | Identified the +1 helmet of Taontuh {Harm rPois rF+ rC-}
 35856 | Swamp:2  | Noticed Roxanne
 36395 | Swamp:2  | Killed Roxanne
 36845 | Swamp:3  | Identified the +8 halberd "Tiovupakh" {drain, rElec rF-
                  | Int+3}
 37180 | Swamp:3  | Noticed Nikola
 37194 | Swamp:3  | Killed Nikola
 37408 | Swamp:4  | Entered Level 4 of the Swamp
 37542 | Swamp:4  | Reached skill level 21 in Axes
 38266 | Swamp:4  | Found a blossoming altar of Fedhas.
 39334 | Swamp:4  | Reached skill level 10 in Evocations
 39875 | Swamp:4  | Found a basalt altar of Yredelemnul.
 39884 | Swamp:4  | Identified the +6 chain mail of Honour {rC+ Dex+2}
 39888 | Swamp:4  | Got a decaying rune of Zot
 40803 | Vaults:1 | Entered Level 1 of the Vaults
 40873 | Vaults:1 | Reached XP level 19. HP: 143/164 MP: 6/19
 41470 | Vaults:1 | Identified the +0 robe of Dogma {rF+}
 42267 | Vaults:1 | Reached skill level 15 in Armour
 42649 | Vaults:2 | Reached skill level 22 in Axes
 43168 | Vaults:2 | Found Baick's Antique Armour Emporium.
 43710 | Vaults:2 | Reached XP level 20. HP: 149/176 MP: 6/20
 44448 | Vaults:2 | Paralysed by a formless jellyfish for 1 turns
 45144 | Vaults:3 | Found a staircase to the Crypt.
 45316 | Vaults:3 | Got Quozxaps's Directory of Bewitched Geology
 45439 | Vaults:3 | Noticed Saint Roka
 45802 | Vaults:3 | Noticed Margery
 45810 | Vaults:3 | Killed Margery
 45997 | Vaults:3 | Noticed an ancient lich
 46232 | Vaults:3 | Killed from afar by an ancient lich

Illustrated notes

Levels and vault maps discovered:
D:1:      dpeg_arrival_arbitrary_b, layout_basic, lemuel_flame_loot_1
D:2:      kb_forest_paths, layout_rooms, serial_shops, shop
D:3:      layout_basic, grunt_temple_overflow_lords_of_destruction,
          corexii_hall_statues_t, uniq_robin, uniq_sigmund
D:4:      layout_basic, okawaru_altar_gauntlet_db, gup_sewer_entry_bowl,
          minmay_door_square, minmay_manual_mares, uniq_grinder
D:5:      layout_gridville, mainiacjoe_overflow_surrounded_room,
          minmay_temple_entry_gardened_gates, chequers_serial_rivers_marsh,
          minmay_misc_feat_encased
D:6:      lemuel_castle_with_subvaults [lemuel_castle_interior_carwin_2],
          layout_gridville, nicolae_gozag_cash_rules_everything_around_me,
          nemelex_spade_bored_becter
D:7:      lemuel_bear_cage, layout_layer_cave, nicolae_qazlal_scattered_showers,
          mainiacjoe_overflow_brackets, mainiacjoe_overflow_chevrons
D:8:      cheibrodos_wizards_tower, layout_basic, tso_metal_star, serial_shops,
          nicolae_shop_tiny_waterfront, kennysheep_mini_moat,
          nicolae_shop_trees, nicolae_shop_bloodbath_and_beyond
D:9:      layout_irregular_city, mainiacjoe_overflow_alcove_2, uniq_gastronok,
          uniq_pikel
D:10:     layout_loops_ring, kiku_gazebo_garden_becter,
          chequers_decorated_corner, dk_vineyard_2
D:11:     layout_basic, david_lair_generic, gammafunk_ghost_arena, zin_angel,
          uniq_nergalle, uniq_sonja, uniq_fannar
D:12:     layout_irregular_city, minmay_misc_feat_hallway,
          palyth_stone_intersect, kennysheep_minor_cross
D:13:     layout_basic, skrybe_vaults_entry_preservation, nicolae_eternal_life
Temple:   chequers_temple_sunken
Lair:1:   layout_chaotic_city, uniq_grum
Lair:2:   layout_chaotic_city, hellmonk_spider_entry_life_and_decay,
          gauntlet_entry_generic, uniq_amaemon
Lair:3:   layout_cave_pods, minmay_swamp_entry_worms, beast_lair_carwin_8,
          serial_bayou_shore_b, serial_bayou_shore_a, uniq_urug
Lair:4:   cheibrodos_lair_river_kwai, layout_regular_city, slime_entry_2
Lair:5:   grunt_lair_end_beastmaster, layout_layer_cave,
          nicolae_quartered_pool_medium, dreamdust_wasp_nest, grunt_megastairs_2
Swamp:1:  layout_falls_marsh, serial_swamp_ruin, evilmike_swamp_ruin_house_1,
          evilmike_swamp_ruin_rubble_2
Swamp:2:  layout_basic_swamp, evilmike_swamp_ruin_house_2,
          infiniplex_staircase_pool, uniq_roxanne
Swamp:3:  layout_falls_marsh, evilmike_swamp_ruin_wall, hangedman_swamp_pad,
          swamp_pool_1_2, uniq_nikola
Swamp:4:  byrel_swamp_growth_death_and_undeath, layout_basic_swamp
Spider:1: layout_cave_pods
Spider:2: layout_chambers, uniq_azrael
Spider:3: layout_spider_delve, uniq_aizul, uniq_arachne
Spider:4: spider_rune_water
Orc:1:    layout_caves, serial_shops, nicolae_book_shop_shelving,
          nicolae_shop_clearance
Orc:2:    st_orc_pillars, layout_diamond_mine
Elf:1:    minmay_elf_arrival_circle, layout_geoelf_octagon,
          guppyfry_library_mini, uniq_donald
Elf:2:    nicolae_elf_blades_crystal_corner, layout_loops_cross, serial_shops,
          shop, uniq_asterion
Vaults:1: nicolae_vaults_alarming, nicolae_vaults_offset_grid_hallway_1,
          nicolae_vaults_offset_grid_hallway_1,
          nicolae_vaults_closet_pinwheel_2, hangedman_vaults_stitches,
          serial_library_regret_index_small_wings, ontoclasm_vaults_shuriken,
          nicolae_vaults_windows_and_doors_thing, nicolae_vaults_display_case,
          v_alt_pattern_2, ontoclasm_vaults_chip, layout_vaults_omnibox
Vaults:2: nicolae_vaults_network_quincunx
          [nicolae_vaults_network_quincunx_subvault,
          nicolae_vaults_network_quincunx_subvault,
          nicolae_vaults_network_quincunx_subvault,
          nicolae_vaults_network_quincunx_subvault,
          nicolae_vaults_network_quincunx_subvault], v_misc_16,
          grunt_vaults_bifocal, nicolae_vaults_trapezoid_layered,
          nicolae_vaults_diamond_1, nicolae_vaults_more_shelving_2,
          nicolae_vaults_sesquioval_fish, v_pattern_5,
          nicolae_vaults_weapon_check, vaults_room_fours,
          layout_vaults_quadrants, serial_shops, shop
Vaults:3: v_misc_28, nicolae_vaults_little_squares_3,
          minmay_crypt_entry_simple_round, hangedman_vaults_slither,
          nicolae_vaults_you_can_take_it_with_you, vaults_room_corners,
          nicolae_vaults_cochlea, v_rooms_3, hangedman_vaults_nails,
          hangedman_vaults_trim, layout_vaults_omnicross,
          nicolae_trove_entry_diagonal, uniq_margery, uniq_saint_roka

Skill      XL: |  1  2  3  4  5  6  7  8  9 10 11 12 13 14 15 16 17 18 19 20 |
---------------+-------------------------------------------------------------+-----
Dodging        | 1 2 3 4 5 6 7 |  7.4
Evocations     | 5 6 7 8 9 10 | 10.3
Armour         | 2 4 5 7 8 9 10 11 12 13 14 15 | 15.4
Axes           | 1 3 4 5 7 9 11 13 15 16 17 18 19 20 21 22 | 22.8
Fighting       | 2 3 4 6 7 8 9 11 12 14 16 17 18 19 20 | 20.6
Short Blades   | 1 |  1.0
Maces & Flails | |  0.6
Stealth        | |  0.7

Action                     |  1- 3 |  4- 6 |  7- 9 | 10-12 | 13-15 | 16-18 | 19-21 || total
---------------------------+-------+-------+-------+-------+-------+-------+-------++-------
  Melee: Mace              |    50 |       |       |       |       |       |       ||    50
         Club              |    45 |       |       |       |       |       |       ||    45
         Dagger            |    19 |    60 |    62 |       |       |       |       ||   141
         War axe           |    18 |    75 |   196 |   617 |  1542 |  1895 |   981 ||  5324
         Whip              |       |       |    86 |       |       |       |       ||    86
         Hand axe          |       |       |    34 |   109 |       |       |       ||   143
         Broad axe         |       |       |       |    59 |       |       |       ||    59
  Throw: Dart              |       |       |    12 |    83 |    79 |   108 |    21 ||   303
         Throwing net      |       |       |       |     1 |       |       |       ||     1
         Javelin           |       |       |       |       |       |       |     1 ||     1
 Invoke: Potion Petition   |       |       |       |     1 |     3 |       |       ||     4
         Call Merchant     |       |       |       |       |     3 |     1 |     1 ||     5
Ability: Invent Gizmo      |       |       |       |       |     1 |       |       ||     1
  Evoke: Wand              |       |     5 |    22 |    19 |    24 |    54 |       ||   124
         Phantom mirror    |       |       |       |       |     1 |     3 |     1 ||     5
         Lightning rod     |       |       |       |       |       |     6 |     4 ||    10
    Use: Potion            |     1 |       |     1 |     3 |     8 |     5 |       ||    18
         Scroll            |       |     2 |     7 |     6 |    15 |    10 |     1 ||    41
   Stab: Sleeping          |     1 |     1 |     1 |       |       |       |       ||     3
         Distracted        |       |       |       |     2 |     6 |     6 |     3 ||    17
         Invisible         |       |       |       |       |    17 |       |       ||    17
         Petrifying        |       |       |       |       |     3 |       |       ||     3
 Armour: Leather armour    |    61 |    27 |       |       |       |       |       ||    88
         Animal skin       |       |    15 |    75 |       |       |       |       ||    90
         Scale mail        |       |       |    76 |   308 |    30 |       |       ||   414
         Chain mail        |       |       |       |       |   540 |  1151 |   480 ||  2171
  Dodge: Dodged            |    59 |    38 |   109 |   172 |   205 |   436 |   205 ||  1224

Table legend: (Time is in decaauts)
 A = Elapsed time spent in this place.
 B = Non-inter-level travel time spent in this place.
 C = Inter-level travel time spent in this place.
 D = Time resting spent in this place.
 E = Time spent auto-exploring this place.
 F = Levels seen in this place.
 G = Mean time per level.
                   A        B        C        D        E       F      G
               +--------+--------+--------+--------+--------+-----+--------+
         Total |  45961 |  43272 |   2689 |  11814 |  23849 |  36 | 1276.7 |
       Dungeon |  16870 |  15373 |   1497 |   2765 |   9822 |  13 | 1297.7 |
        Temple |     58 |     32 |     26 |      0 |      0 |   1 |   58.0 |
          Lair |   6384 |   5777 |    607 |    407 |   4436 |   5 | 1276.8 |
         Swamp |   5381 |   5225 |    156 |   2297 |   2091 |   4 | 1345.2 |
   Spider Nest |   4723 |   4551 |    172 |   1078 |   2654 |   4 | 1180.8 |
  Orcish Mines |   3984 |   3930 |     54 |   2036 |   1287 |   2 | 1992.0 |
   Elven Halls |   1827 |   1751 |     76 |    667 |    649 |   2 |  913.5 |
        Vaults |   5265 |   5166 |     99 |   1782 |   2538 |   3 | 1755.0 |
         Sewer |    979 |    979 |      0 |    758 |    110 |   1 |  979.0 |
      Gauntlet |    486 |    486 |      0 |     22 |    260 |   1 |  486.0 |
               +--------+--------+--------+--------+--------+-----+--------+

Top non-repeatable levels by time:
   Orc:2: 2622 daAuts
 Swamp:4: 2589 daAuts
Vaults:2: 2393 daAuts
     D:6: 1919 daAuts
Spider:2: 1812 daAuts
     D:7: 1812 daAuts
Vaults:1: 1767 daAuts
   Elf:1: 1669 daAuts
  Lair:5: 1631 daAuts
    D:12: 1619 daAuts
    D:11: 1604 daAuts
     D:8: 1597 daAuts
     D:3: 1566 daAuts
  Lair:3: 1542 daAuts
    D:13: 1511 daAuts
